 Dungeon Crawl Stone Soup version 0.29-a0-284-gf9362112df (webtiles) character file.

Game seed: 682084652184484026

101304 ders the Eclecticist (level 16, -14/135 HPs)
             Began as a Djinni Conjurer on Apr 1, 2022.
             Was a High Priest of Ashenzari.
             Demolished by a skeletal warrior
             ... wielding a +0 war axe
             ... led by a death knight
              (23 damage)
             ... on level 13 of the Dungeon.
             The game lasted 00:57:04 (26264 turns).

ders the Eclecticist (Djinni Conjurer)             Turns: 26264, Time: 00:57:04

Health: -14/135    AC: 15    Str:  6    XL:     16   Next: 82%
Gold:   2318       EV:  9    Int: 29    God:    Ashenzari [*****.] SH:  0 Dex: 13

rFire   + + +      SeeInvis +   P - +2 dire flail of the Eternal Repose {pain, Will+ Int+2, Self, Range} (curse)
rCold   x x .      Faith    .   (shield currently unavailable)
rNeg    + . .      Spirit   .   W - +0 fire dragon scales
rPois   ∞          Reflect  .   (no helmet)
rElec   .          Harm     .   c - +0 cloak "Eternal Together" {Cun, Fort} (curse)
rCorr   +          Rampage  .   J - +0 pair of gloves "Regret of Ashenzari" {Melee, Self} (curse)
Will    ++++.      Clarity  +   (boots unavailable)
Stlth   +.........              D - amulet of Ashenzari's Stickiness {Will+ Regen+, Self, Cun} (curse)
HPRegen 1.12/turn               s - ring "Disgust of the Sky" {rCorr, Self, Evo} (curse)
MPRegen 0.00/turn               v - ring "Lashed Awkwardness" {rN+ Will+, Range, Self} (curse)

@: flying, contaminated, glowing
A: sickness immunity, fire resistance 2, cold vulnerability 1, float, innate
caster, HP casting, extra vitality 1
a: Renounce Religion, Shatter the Chains


You were on level 13 of the Dungeon.
You worshipped Ashenzari.
Ashenzari was extremely pleased with you.
You visited 5 branches of the dungeon, and saw 23 of its levels.
You visited 1 bazaar.
You also visited: Sewer and Ice Cave.

You collected 2754 gold pieces.
You spent 436 gold pieces at shops.

Inventory:

Hand Weapons
 z - a +1 broad axe of distortion
 P - the cursed +2 dire flail of the Eternal Repose (weapon) {pain, Will+ Int+2, Self, Range}
   (You took it off an orc on level 10 of the Dungeon)

   In the hands of one skilled in necromantic magic, it inflicts extra damage on
   living creatures.
   Your inability to study Necromancy prevents you from drawing on the full
   power of this weapon.
   Int:       It affects your intelligence (+2).
   Will:      It increases your willpower.
   It has a curse which improves the following skills: Introspection: Fighting
   and Spellcasting.
   Ranged Combat: Slings, Bows, Crossbows and Throwing.
Missiles
 I - 4 throwing nets
Armour
 b - a +0 crystal plate armour of cold resistance
 c - the cursed +0 cloak "Eternal Together" (worn) {Cun, Fort}
   (You found it on level 1 of the Dungeon)

   It has a curse which improves the following skills: Cunning: Dodging and
   Stealth.
   Fortitude: Armour and Shields.
 m - the -5 buckler "Iheatapa" {rC++ Dex+2}
   (You bought it in a shop on level 2 of the Orcish Mines)

   Dex:       It affects your dexterity (+2).
   rC:        It greatly protects you from cold.
 J - the cursed +0 pair of gloves "Regret of Ashenzari" (worn) {Melee, Self}
   (You found it on level 8 of the Dungeon)

   It has a curse which improves the following skills: Melee Combat: Short
   Blades, Long Blades, Axes, Maces & Flails, Polearms, Staves and Unarmed
   Combat.
   Introspection: Fighting and Spellcasting.
 Q - a +0 troll leather armour
 W - +0 fire dragon scales (worn)
Magical Staves
 E - a staff of earth
Jewellery
 d - a ring of protection from cold
 s - the cursed ring "Disgust of the Sky" (left hand) {rCorr, Self, Evo}
   (You found it on level 3 of the Dungeon)

   [ring of resist corrosion]

   rCorr:     It protects you from acid and corrosion.
   It has a curse which improves the following skills: Introspection: Fighting
   and Spellcasting.
   Evocations: Evocations.
 v - the cursed ring "Lashed Awkwardness" (right hand) {rN+ Will+, Range, Self}
   (You found it on level 4 of the Dungeon)

   [ring of willpower]

   rN:        It protects you from negative energy.
   Will:      It increases your willpower.
   It has a curse which improves the following skills: Ranged Combat: Slings,
   Bows, Crossbows and Throwing.
   Introspection: Fighting and Spellcasting.
 D - the cursed amulet of Ashenzari's Stickiness (around neck) {Will+ Regen+, Self, Cun}
   (You acquired it on level 1 of the Lair of Beasts)

   [amulet of regeneration]

   Regen:     It increases your rate of health regeneration.
   Will:      It increases your willpower.
   It has a curse which improves the following skills: Introspection: Fighting
   and Spellcasting.
   Cunning:   Dodging and Stealth.
Wands
 p - a wand of acid (20)
 y - a wand of iceblast (21)
 N - a wand of paralysis (5)
 T - a wand of polymorph (6)
 U - a wand of digging (19)
Scrolls
 a - a scroll of summoning
 i - 5 scrolls of enchant weapon
 j - 4 scrolls of torment
 l - 3 scrolls of enchant armour
 n - 2 scrolls of amnesia
 q - 8 scrolls of teleportation
 r - 2 scrolls of holy word
 w - 4 scrolls of blinking
 x - 15 scrolls of identify
 K - a scroll of brand weapon
 O - 4 scrolls of fog
 X - a scroll of fear
Potions
 e - 9 potions of curing
 f - 2 potions of resistance
 g - 2 potions of flight
 h - 5 potions of haste
 k - 3 potions of ambrosia
 t - 3 potions of cancellation
 F - 6 potions of might
 L - 3 potions of mutation
 Y - a potion of heal wounds
Miscellaneous
 C - a lightning rod (4/4)
 Z - a phantom mirror


   Skills:
 + Level 12.6(19.0) Fighting
 + Level 10.7(13.0) Armour
 + Level 5.3(8.7) Dodging
 + Level 4.3(7.5) Stealth
 * Level 19.1(25.2) Spellcasting


You had 27 spell levels left.
You knew the following spells:

 Your Spells              Type           Power      Damage    Failure   Level
a - Magic Dart            Conj           100%       1d8       0%          1
b - Searing Ray           Conj           100%       2d8       0%          2
c - Dazzling Flash        Conj/Hex       100%       N/A       0%          3
d - Fulminant Prism       Conj/Hex       55%        3d25      0%          4
e - Iskenderun's Mystic   Conj/Tloc      100%       2d19      0%          4
f - Animate Skeleton      Necr           100%       N/A       0%          1
g - Blink                 Tloc           100%       N/A       0%          2
h - Ensorcelled Hibernat  Hex/Ice        100%       N/A       0%          2
i - Ice Form              Ice/Tmut       100%       N/A       0%          4
j - Olgreb's Toxic Radia  Pois           100%       N/A       0%          4
k - Irradiate             Conj/Tmut      55%        3d32      0%          5
l - Conjure Ball Lightni  Conj/Air       55%        3x3d20    1%          6
Your spell library was empty.

Dungeon Overview and Level Annotations

Branches:
Dungeon (13/15)            Temple (1/1) D:7            Lair (6/6) D:9
 Shoals (0/4) Lair:2       Spider (1/4) Lair:2        Slime (0/5) Lair:5
    Orc (2/2) D:12            Elf (0/3) Orc:2        Vaults (0/5) D:13
  Sewer (visited)           IceCv (visited)

Altars:
Ashenzari
Dithmenos
Elyvilon
Fedhas
Gozag
Hepliaklqana
Kikubaaqudgha
Makhleb
Nemelex Xobeh
Okawaru
Qazlal
Sif Muna
Trog
Uskayaw
Vehumet
Wu Jian
Xom
Yredelemnul
Zin
The Shining One

Shops:
D:1 :(([   D:8 =?=   D:12 *   Orc:1 *[   Orc:2 ([:*

Annotations:
D:3 3 runed translucent doors, timneilson's ghost, amateur GrFi
D:13 Maurice


Innate Abilities, Weirdness & Mutations

You are immune to sickness and miasma.
You are immune to poison.
Your flesh is very heat resistant. (rF++)
You are vulnerable to cold. (rC-)
You float through the air rather than walking.
You learn spells naturally, not from books.
Your magical power is your life essence.
You have superior vitality. (+4 MHP)


Message History

Maurice gestures wildly while chanting.
Maurice blinks!
The skeletal warrior hits you with a +0 long sword!!
Your fulminant prism explodes!
The blast of energy engulfs you!
You hear an angry hiss.
Casting: Irradiate (safe; 0% risk of failure)
Confirm with . or Enter, or press ? or * to list all spells.
You erupt in a fountain of uncontrolled magic!
The skeletal warrior is blasted with magical radiation!
The skeletal warrior is lightly damaged.
The skeletal warrior is blasted with magical radiation!!!
The skeletal warrior is severely damaged.
The skeletal warrior hits you with a +0 long sword!
The skeletal warrior hits you with a +0 war axe!
Maurice casts a spell.
Maurice flickers and vanishes for a moment.
Casting: Irradiate (safe; 0% risk of failure)
Confirm with . or Enter, or press ? or * to list all spells.
You erupt in a fountain of uncontrolled magic!
The skeletal warrior is blasted with magical radiation!!
The skeletal warrior is heavily damaged.
The skeletal warrior is blasted with magical radiation!!!!
You destroy the skeletal warrior!
You are lightly contaminated with residual magic.
The skeletal warrior hits you but does no damage.
Casting: Irradiate (safe; 0% risk of failure)
Confirm with . or Enter, or press ? or * to list all spells.
You erupt in a fountain of uncontrolled magic!
The skeletal warrior is blasted with magical radiation!!
The skeletal warrior is severely damaged.
The death knight is blasted with magical radiation!!!
The death knight is heavily wounded.
The death knight twists and deforms.
You are contaminated with residual magic.
* * * LOW HITPOINT WARNING * * *
The death knight reflects your damage back at you!
* * * LOW HITPOINT WARNING * * *
The skeletal warrior hits you with a +0 war axe!!
You die...

, , * *, * , * ,,,,,
#...>,,, ,, ** * * * *
* ##...,, ,, , , , *
#.... .........*,,,,*
*.... .........* ,,,
,....##.......#* , *
####'###.......# , , *
#...z).#........ ,
#...p@.#........ ,, *
#......#........ , ,
#......#........ ****
#.@....#'#########, *
,,...#####......)....#
,* ,..,
...#...........#....
,, . ,
...#...........#.... *
, , ,
.#...........#.... , ,
,, ,#...........#....


You could see a death knight (reflects damage, misshapen), a skeletal warrior
and Maurice (invisible).

Vanquished Creatures
  Kirke (D:13)
  An orc warlord (Orc:2)
  Nessos (Lair:5)
  A fire dragon (Lair:5)
  3 vault guards (D:13)
  Erica (Lair:2)
  4 boulder beetles
  8 hydras
  7 two-headed ogres
  2 centaur warriors (D:13)
  A death knight (D:13)
  2 catoblepae
  A tengu warrior (D:11)
  4 orc high priests
  4 death yaks (Lair:6)
  Amaemon (Lair:3)
  4 skeletal warriors
  Lodul (D:12)
  5 orc knights (Orc:2)
  2 phantasmal warriors (D:13)
  3 orc sorcerers
  A cyclops (D:13)
  2 oklob plants (Lair:5)
  8 black mambas
  2 merfolk sirens (Lair:2)
  3 ice statues (IceCv)
  Maggie (D:8)
  A gargoyle (D:12)
  28 elephants
  22 cane toads
  An efreet (D:13)
  An orange demon (Lair:3)
  A tengu conjurer (D:11)
  18 rime drakes
  9 komodo dragons
  3 unseen horrors
  2 freezing wraiths
  9 trolls
  2 merfolk (Lair:2)
  14 polar bears
  10 blink frogs
  6 dream sheep
  5 hornets
  10 spriggans (Lair:6)
  3 wraiths
  2 wyverns (Lair:5)
  2 vampires
  8 humans (D:13)
  A culicivora (Lair:2)
  5 basilisks
  3 hogs (D:13)
  39 yaks
  7 steam dragons
  4 vampire mosquitoes
  Edmund (D:5)
  3 death yak simulacra (IceCv)
  A harpy simulacrum (IceCv)
  2 wargs
  19 water moccasins
  Duvessa (D:6)
  An acid dragon (D:8)
  2 hell hounds (Lair:1)
  3 sky beasts
  6 ice beasts
  8 black bears
  27 orc warriors
  39 wolves
  3 boggarts (Lair:6)
  6 centaurs (D:13)
  15 ogres
  6 kobold brigands
  8 bullfrogs
  Blork the orc (D:6)
  A gnoll sergeant (D:11)
  2 necrophages
  A scorpion (D:5)
  2 cane toad simulacra (IceCv)
  15 wights
  Dowan (D:6)
  6 killer bees (D:11)
  2 electric eels
  8 howler monkeys
  4 hounds
  2 gnoll shamans
  3 jellies
  15 orc priests
  7 iguanas
  16 orc wizards
  A polar bear simulacrum (IceCv)
  20 gnolls
  6 adders
  2 river rats
  A white imp (D:7)
  An ufetubus (D:6)
  8 worms
  2 dart slugs (D:2)
  64 orcs
  A bat zombie (D:3)
  4 endoplasms
  6 goblins
  2 hobgoblins
  3 jackals (D:5)
  39 kobolds
  3 quokkas
  10 ball pythons
  A bat (D:3)
  A frilled lizard (D:1)
  12 rats
  A rat zombie (D:3)
  6 fulminant prisms
721 creatures vanquished.

Vanquished Creatures (collateral kills)
  An ugly thing (IceCv)
  A dire elephant simulacrum (IceCv)
  3 ball lightnings (D:13)
5 creatures vanquished.

Vanquished Creatures (others)
  A rime drake (Lair:5)
  A dream sheep (Lair:4)
  A human (D:13)
  35 ball lightnings
  354 fulminant prisms
  69 fungi
  63 plants
  4 toadstools (D:1)
528 creatures vanquished.

Grand Total: 1254 creatures vanquished

Notes
Turn   | Place    | Note
-------+----------+-------------------------------------------
     0 | D:1      | ders the Djinni Conjurer began the quest for the Orb.
     0 | D:1      | Reached XP level 1. HP: 15/15 MP: 0/0
     9 | D:1      | Found Yhavippynta's Weapon Shoppe.
   135 | D:1      | Found Kyfuic's Antique Armour Emporium.
   136 | D:1      | Found Vudihu's Armour Boutique.
   293 | D:1      | Reached XP level 2. HP: 20/21 MP: 0/0
   335 | D:1      | Found Qoj Sin's Antique Weapon Boutique.
   364 | D:1      | Found Ykhoeh's Book Shoppe.
   503 | D:1      | Found a faded altar of an unknown god.
  1139 | D:2      | Reached skill level 4 in Spellcasting
  1139 | D:2      | Reached XP level 3. HP: 6/25 MP: 0/0
  1139 | D:2      | Learned a level 1 spell: Animate Skeleton
  1553 | D:2      | Reached XP level 4. HP: 18/31 MP: 0/0
  2555 | D:3      | Found an opulent altar of Gozag.
  2828 | D:3      | Reached XP level 5. HP: 23/35 MP: 0/0
  2828 | D:3      | Learned a level 2 spell: Blink
  2976 | D:3      | Found a runed translucent gate.
  2976 | D:3      | Found a runed translucent gate.
  2976 | D:3      | Found a runed translucent gate.
  2976 | D:3      | Noticed timneilson's ghost (amateur GrFi)
  3586 | D:4      | Reached skill level 5 in Spellcasting
  3730 | D:4      | Identified the ring of Linearity {rN+ Will+}
  3748 | D:4      | Reached XP level 6. HP: 31/40 MP: 0/0
  4063 | D:4      | Noticed a two-headed ogre
  4086 | D:4      | Killed a two-headed ogre
  4087 | D:4      | Reached skill level 7 in Spellcasting
  4087 | D:4      | Reached XP level 7. HP: 13/45 MP: 0/0
  4087 | D:4      | Learned a level 2 spell: Ensorcelled Hibernation
  4087 | D:4      | Reached XP level 8. HP: 14/50 MP: 0/0
  5001 | D:4      | Found a burning altar of Makhleb.
  5417 | D:5      | Entered Level 5 of the Dungeon
  5547 | D:5      | Reached skill level 8 in Spellcasting
  5875 | D:5      | Found a hide-covered altar of Uskayaw.
  6307 | D:5      | Noticed Edmund
  6321 | D:5      | Killed Edmund
  6322 | D:5      | Reached XP level 9. HP: 43/55 MP: 0/0
  6322 | D:5      | Learned a level 4 spell: Ice Form
  6725 | D:5      | Reached skill level 9 in Spellcasting
  7003 | D:6      | Noticed Blork the orc
  7006 | D:6      | Killed Blork the orc
  7571 | D:6      | Found a glowing drain.
  7579 | Sewer    | Entered a sewer
  7919 | Sewer    | Reached skill level 10 in Spellcasting
  8968 | D:6      | Noticed Dowan
  8971 | D:6      | Killed Dowan
  8973 | D:6      | Noticed Duvessa
  9065 | D:6      | Killed Duvessa
  9066 | D:6      | Reached XP level 10. HP: 19/60 MP: 0/0
  9521 | D:7      | Found a shadowy altar of Dithmenos.
  9779 | D:7      | Reached skill level 11 in Spellcasting
 10009 | D:7      | Found a blossoming altar of Fedhas.
 10046 | D:7      | Found a staircase to the Ecumenical Temple.
 10078 | Temple   | Entered the Ecumenical Temple
 10272 | Temple   | Became a worshipper of Ashenzari the Shackled
 10568 | D:7      | Found a glowing silver altar of Zin.
 10568 | D:7      | Found a glowing golden altar of the Shining One.
 10568 | D:7      | Found a white marble altar of Elyvilon.
 10885 | D:8      | HP: 2/60 [electric eel/bolt of electricity (10)]
 11057 | D:8      | Found Daucejye's Jewellery Emporium.
 11063 | D:8      | Found Uvvymaoq's Magic Scroll Boutique.
 11072 | D:8      | Bought a scroll of blinking for 90 gold pieces
 11072 | D:8      | Bought a scroll of teleportation for 36 gold pieces
 11072 | D:8      | Bought a scroll of teleportation for 36 gold pieces
 11072 | D:8      | Bought a scroll of teleportation for 36 gold pieces
 11337 | D:8      | Found Etuwk's Jewellery Boutique.
 11777 | D:8      | Reached skill level 12 in Spellcasting
 12101 | D:8      | Noticed Maggie
 12120 | D:8      | Killed Maggie
 12853 | D:9      | Reached skill level 1 in Fighting
 12853 | D:9      | Reached XP level 11. HP: 39/67 MP: 0/0
 12853 | D:9      | Learned a level 4 spell: Olgreb's Toxic Radiance
 13209 | D:9      | Found a staircase to the Lair.
 13272 | D:9      | Reached * piety under Ashenzari
 13272 | D:9      | Identified 2 scrolls of acquirement
 13677 | D:10     | Entered Level 10 of the Dungeon
 13907 | D:10     | Reached skill level 13 in Spellcasting
 14138 | D:10     | Reached ** piety under Ashenzari
 14392 | D:10     | Noticed a two-headed ogre
 14399 | D:10     | Killed a two-headed ogre
 14734 | D:10     | Identified the +2 dire flail "Vifekocw" {pain, Will+ Int+2}
 15015 | D:11     | Noticed a two-headed ogre
 15035 | D:11     | Killed a two-headed ogre
 15036 | D:11     | Reached skill level 5 in Fighting
 15256 | Lair:1   | Entered Level 1 of the Lair of Beasts
 15280 | Lair:1   | Acquired the amulet of Lust {Will+ Regen+}
 15324 | Lair:1   | Reached XP level 12. HP: 35/84 MP: 0/0
 15343 | Lair:1   | Found a frozen archway.
 15351 | IceCv    | Entered an ice cave
 15494 | IceCv    | Identified the cursed +0 cloak "Eternal Together" {Cun,
                  | Fort} (You found it on level 1 of the Dungeon)
 15494 | IceCv    | Identified the cursed +0 pair of gloves "Regret of
                  | Ashenzari" {Melee, Self} (You found it on level 8 of the
                  | Dungeon)
 15839 | IceCv    | Reached skill level 14 in Spellcasting
 16204 | IceCv    | Acquired a manual of Spellcasting
 16216 | IceCv    | Identified the amulet of Ashretwu {Spirit rF+}
 16382 | Lair:1   | Reached skill level 1 in Armour
 16399 | Lair:1   | Noticed a six-headed hydra
 16413 | Lair:1   | Killed a six-headed hydra
 16620 | Lair:1   | Reached *** piety under Ashenzari
 16940 | Lair:2   | Noticed Erica
 16947 | Lair:2   | Killed Erica
 17027 | Lair:2   | Found a hole to the Spider Nest.
 17045 | Lair:2   | Reached skill level 15 in Spellcasting
 17045 | Lair:2   | Noticed a six-headed hydra
 17051 | Lair:2   | Killed a six-headed hydra
 17061 | Lair:2   | Reached XP level 13. HP: 24/98 MP: 0/0
 17061 | Lair:2   | Learned a level 5 spell: Irradiate
 17161 | Lair:2   | Found a staircase to the Shoals.
 17337 | Lair:2   | Reached **** piety under Ashenzari
 17440 | Lair:2   | Noticed a four-headed hydra
 17448 | Lair:2   | Killed a four-headed hydra
 17647 | Lair:2   | Identified the +2 robe of Efunaulutu {Contam rPois Will++
                  | Int+2}
 17834 | Spider:1 | Entered Level 1 of the Spider Nest
 17921 | Lair:3   | Noticed a catoblepas
 17929 | Lair:3   | Killed a catoblepas
 17990 | Lair:3   | Reached skill level 16 in Spellcasting
 18025 | Lair:3   | Reached skill level 5 in Armour
 18027 | Lair:3   | Noticed a boulder beetle
 18036 | Lair:3   | Killed a boulder beetle
 18098 | Lair:3   | Noticed Amaemon
 18103 | Lair:3   | Killed Amaemon
 18116 | Lair:3   | Noticed a boulder beetle
 18133 | Lair:3   | Killed a boulder beetle
 18732 | Lair:4   | Noticed a seven-headed hydra
 18735 | Lair:4   | Killed a seven-headed hydra
 18742 | Lair:4   | Reached skill level 17 in Spellcasting
 18746 | Lair:4   | Reached XP level 14. HP: 43/112 MP: 0/0
 18868 | Lair:4   | Reached ***** piety under Ashenzari
 19477 | Lair:5   | Reached skill level 10 in Fighting
 19558 | Lair:4   | Identified the cursed +0 acid dragon scales "Sibylline
                  | Affliction" {rCorr, Self, Cun} (You took it off Maggie on
                  | level 8 of the Dungeon)
 20012 | Lair:5   | Noticed Nessos
 20292 | Lair:5   | Found a staircase to the Slime Pits.
 20531 | Lair:5   | Killed Nessos
 20750 | Lair:6   | Entered Level 6 of the Lair of Beasts
 20829 | Lair:5   | Reached XP level 15. HP: 101/126 MP: 0/0
 20829 | Lair:5   | Learned a level 6 spell: Conjure Ball Lightning
 20859 | Lair:6   | Reached skill level 18 in Spellcasting
 23124 | D:12     | Found Zin's Purification Station.
 23126 | D:12     | Found a glowing silver altar of Zin.
 23278 | D:12     | Found a staircase to the Orcish Mines.
 23304 | Orc:1    | Entered Level 1 of the Orcish Mines
 23490 | Orc:1    | Reached XP level 16. HP: 129/129 MP: 0/0
 23532 | Orc:1    | Found Siguseum's Overcharged Wands.
 23633 | Orc:1    | Found Qaostep's Antique Armour Emporium.
 23727 | Orc:2    | Entered Level 2 of the Orcish Mines
 23727 | Orc:2    | Found a flickering gateway to a bazaar.
 23731 | Orc:2    | Reached skill level 10 in Armour
 23741 | Bazaar   | Entered a bazaar
 23811 | Bazaar   | Found Jihekk's Weapon Shoppe.
 23831 | Bazaar   | Found Nimushro's Armour Boutique.
 23872 | Bazaar   | Found Nexiorun's Weapon Emporium.
 24014 | Orc:2    | Found Hailescha's Antique Weapon Emporium.
 24022 | Orc:2    | Found a staircase to the Elven Halls.
 24090 | Orc:2    | Found Dunokiame's Book Boutique.
 24391 | Orc:2    | Found Xisun's Antique Armour Boutique.
 24406 | Orc:2    | Bought a warped buckler for 199 gold pieces
 24406 | Orc:2    | Identified the -5 buckler "Iheatapa" {rC++ Dex+2} (You
                  | bought it in a shop on level 2 of the Orcish Mines)
 24430 | Orc:2    | Found Zelahauc's General Store.
 24438 | Orc:2    | Bought a scroll of teleportation for 39 gold pieces
 25124 | D:12     | Noticed Lodul
 25130 | D:12     | Killed Lodul
 25203 | D:12     | Reached skill level 19 in Spellcasting
 25560 | D:13     | Noticed Kirke
 25569 | D:13     | Killed Kirke
 25676 | D:13     | Reached skill level 5 in Dodging
 25732 | D:13     | Identified the +8 falchion of Change {holy, rPois Dex-4
                  | SInv Stlth+}
 26092 | D:13     | Found a gate to the Vaults.
 26251 | D:13     | Noticed Maurice
 26264 | D:13     | Demolished by a skeletal warrior

Illustrated notes

Levels and vault maps discovered:
D:1:      enne_arrival_octagon_isle, layout_loops_ring,
          shapermc_ecumenical_altar_starsandcircs, serial_shops, shop, shop,
          shop, shop, shop, minmay_gold_behind_fungi
D:2:      layout_rooms, minivault_5, minmay_misc_feat_tiny,
          chequers_hall_statues_corner_a
D:3:      layout_loops_ring, lemuel_zombie_altar_kikubaaqudgha,
          nicolae_overflow_crystal_walls, ebering_ghost_rock_garden,
          hangedman_decor_points
D:4:      layout_basic, mainiacjoe_overflow_cross_hatched,
          nicolae_overflow_hidden_temple, serial_forest,
          infiniplex_forest_zigzag_1, infiniplex_forest_clump_long,
          infiniplex_forest_lined_corner, infiniplex_forest_corner_2
D:5:      layout_loops_cross, mainiacjoe_overflow_concentric_impassable,
          uniq_edmund
D:6:      layout_rooms, lightli_sewer_entry_pipes, minmay_puff,
          uniq_blork_the_orc, uniq_duvessa
D:7:      layout_basic, dreamdust_divine_triumvirate, vehumet_altar_wand_db,
          nicolae_dithmenos_shadow_blocks, lemuel_crystal_altar,
          minmay_temple_entry_waves
D:8:      layout_basic, serial_shops, nicolae_shop_crystal, shop, shop,
          chequers_avenue, corexii_hall_statues_l, grunt_ministairs_10,
          kennysheep_cluttered_room, nicolae_water_bricks, nrook_pool_corridor,
          uniq_maggie
D:9:      layout_basic, lair_entry_dummy
D:10:     layout_basic
D:11:     layout_basic, nicolae_straight_to_the_point
D:12:     layout_long_grid, orc_0_dummy, zin_purify, uniq_lodul
D:13:     layout_gridville, ximxim_vaults_locker_room, uniq_maurice, uniq_kirke
Temple:   dpeg_chambers_temple
Lair:1:   beast_lair_carwin_large_1, layout_chaotic_city, portal_ice_cave_rime,
          enter_volcano_3
Lair:2:   layout_concentric_octagons, elwin_shoals_entry_stream,
          spider_nest_entry_rubble, chequers_serial_rivers_room_a,
          grunt_megastairs_3, uniq_erica
Lair:3:   layout_hall_layers, uniq_amaemon
Lair:4:   layout_loops_ring
Lair:5:   layout_concentric_octagons, minmay_slime_entry_oklob_open,
          bobbens_dragon_lair_wall, uniq_nessos
Lair:6:   minmay_lair_end_enchanted_forest, layout_gridlike, lemuel_fruit_tree
Spider:1: layout_spider_delve
Orc:1:    layout_diamond_mine, serial_shops,
          nicolae_shop_competitors_out_of_business, nicolae_orc_rockfall,
          nicolae_shop_overcharged_wands
Orc:2:    grunt_orc_gardens, layout_caves, grunt_orc_garden, grunt_orc_garden,
          grunt_orc_garden, grunt_orc_garden, serial_shops, bzr_entry_lakeside

Skill      XL: |  1  2  3  4  5  6  7  8  9 10 11 12 13 14 15 16 |
---------------+-------------------------------------------------+-----
Spellcasting   | 4 5 7 8 10 12 13 15 17 18 19 | 19.1
Fighting       | 1 5 7 9 10 11 12 | 12.6
Armour         | 3 6 8 9 10 | 10.7
Stealth        | 2 4 |  4.3
Dodging        | 3 5 |  5.3

Action                   |  1- 3 |  4- 6 |  7- 9 | 10-12 | 13-15 | 16-18 || total
-------------------------+-------+-------+-------+-------+-------+-------++-------
Melee: Unarmed           |       |       |     2 |     2 |     1 |       ||     5
       Dire flail        |       |       |       |     1 |     2 |       ||     3
 Cast: Magic Dart        |    47 |    72 |    44 |    18 |       |       ||   181
       Searing Ray       |     3 |     7 |     1 |       |       |       ||    11
       Fulminant Prism   |       |     9 |    43 |   149 |   112 |    47 ||   360
       Iskenderun's Myst |       |       |    39 |    52 |   162 |    57 ||   310
       Animate Skeleton  |       |       |     1 |       |    15 |       ||    16
       Ice Form          |       |       |     8 |     7 |    13 |     1 ||    29
       Olgreb's Toxic Ra |       |       |       |     5 |   131 |    49 ||   185
       Irradiate         |       |       |       |       |     5 |     6 ||    11
       Blink             |       |       |       |       |     1 |       ||     1
       Conjure Ball Ligh |       |       |       |       |    11 |     4 ||    15
Invok: Curse Item        |       |       |       |     4 |     3 |       ||     7
       Shatter the Chain |       |       |       |       |       |     1 ||     1
 Abil: End Transformatio |       |       |       |     1 |       |       ||     1
  Use: Scroll            |       |       |     6 |    17 |     3 |       ||    26
       Potion            |       |       |       |     5 |     2 |       ||     7
Armor: Robe              |     1 |     1 |     1 |     1 |       |       ||     4
       Acid dragon scale |       |       |       |     3 |    34 |    12 ||    49
       Skin              |       |       |       |     8 |    32 |       ||    40
       Fire dragon scale |       |       |       |       |       |     1 ||     1
Dodge: Dodged            |     3 |     8 |     4 |    12 |    77 |    29 ||   133

Table legend: (Time is in decaauts)
 A = Elapsed time spent in this place.
 B = Non-inter-level travel time spent in this place.
 C = Inter-level travel time spent in this place.
 D = Time resting spent in this place.
 E = Time spent auto-exploring this place.
 F = Levels seen in this place.
 G = Mean time per level.
                   A        B        C        D        E       F      G
               +--------+--------+--------+--------+--------+-----+--------+
         Total |  26284 |  25125 |   1159 |   5351 |  15911 |  26 | 1010.9 |
       Dungeon |  16725 |  16049 |    676 |   3347 |  10960 |  13 | 1286.5 |
        Temple |    207 |    195 |     12 |      0 |    181 |   1 |  207.0 |
          Lair |   6329 |   5965 |    364 |   1191 |   3377 |   6 | 1054.8 |
   Spider Nest |      1 |      1 |      0 |      0 |      0 |   1 |    1.0 |
  Orcish Mines |   1160 |   1054 |    106 |     78 |    609 |   2 |  580.0 |
        Bazaar |    204 |    204 |      0 |     35 |    143 |   1 |  204.0 |
         Sewer |    733 |    733 |      0 |      0 |    630 |   1 |  733.0 |
      Ice Cave |    920 |    920 |      0 |    700 |     11 |   1 |  920.0 |
               +--------+--------+--------+--------+--------+-----+--------+

Top non-repeatable levels by time:
     D:4: 2160 daAuts
     D:8: 1707 daAuts
     D:5: 1537 daAuts
     D:6: 1487 daAuts
  Lair:6: 1380 daAuts
     D:1: 1327 daAuts
  Lair:5: 1304 daAuts
    D:10: 1296 daAuts
     D:3: 1278 daAuts
     D:7: 1234 daAuts
     D:9: 1200 daAuts
    D:12: 1046 daAuts
  Lair:2: 1021 daAuts
  Lair:4: 946 daAuts
   IceCv: 920 daAuts
